 Dungeon Crawl Stone Soup version 0.19.3-1-g3169bf9 (webtiles) character file.

531 Megalobster the Cleaver (level 7, 0/59 HPs)
             Began as a Minotaur Berserker on Jan 26, 2017.
             Was a Believer of Trog.
             Slain by Blork the orc
             ... wielding a +0 halberd of protection
              (12 damage)
             ... on level 4 of the Dungeon.
             The game lasted 00:11:43 (2694 turns).

Megalobster the Cleaver (Minotaur Berserker)        Turns: 2694, Time: 00:11:44

Health: 0/59       AC: 11    Str: 24    XL:     7   Next: 3%
Magic:  6/6        EV:  8    Int:  4    God:    Trog [**....]
Gold:   103        SH:  0    Dex:  9    Spells: 0 memorised, 6 levels left

rFire  + . .     SeeInvis .     D - +0 war axe
rCold  . . .     Gourm    .     G - +2 chain mail {rN+}
rNeg   + . .     Faith    .     (no shield)
rPois  .         Spirit   .     (helmet restricted)
rElec  .         Reflect  .     (no cloak)
rCorr  .         Harm     .     (no gloves)
MR     .....     Rnd*Tele +     o - +0 pair of boots
Stlth  ..........               (no amulet)
                                F - ring of protection from fire
                                I - ring of teleportation (curse)

@: exhausted, very slightly contaminated, slowed, very slow
A: retaliatory headbutt, horns 2
a: Berserk, Trog's Hand, Burn Spellbooks, Renounce Religion


You were on level 4 of the Dungeon.
You worshipped Trog.
Trog was pleased with you.
You were not hungry.

You visited 1 branch of the dungeon, and saw 4 of its levels.

You collected 103 gold pieces.

Inventory:

Hand Weapons
 a - a +0 hand axe
 g - a +0 hunting sling
 D - a +0 war axe (weapon)
Missiles
 f - 148 stones (quivered)
 i - 32 sling bullets
Armour
 b - a +0 animal skin
 h - a +0 chain mail
 o - a +0 pair of boots (worn)
 t - a +0 ring mail
 G - a +2 chain mail of positive energy (worn)
Jewellery
 C - an uncursed ring of positive energy
 F - a ring of protection from fire (right hand)
 I - a cursed ring of teleportation (left hand)
 K - an uncursed ring of protection from cold {unknown}
Scrolls
 d - 2 scrolls of fear
 k - a scroll of identify
 m - a scroll of fog {unknown}
 s - 2 scrolls of enchant weapon
 v - 2 scrolls of random uselessness
 y - 2 scrolls of remove curse
 A - a scroll of magic mapping {unknown}
 B - a scroll of enchant armour {unknown}
Potions
 e - a potion of haste {unknown}
 j - 2 potions of ambrosia {unknown}
 l - a potion of flight {unknown}
 n - a potion of degeneration {unknown}
 p - 2 potions of heal wounds {unknown}
 q - a potion of brilliance {unknown}
 w - a potion of mutation {unknown}
 x - 3 potions of curing {unknown}
 z - a potion of invisibility {unknown}
 H - a potion of lignification {unknown}
 J - a potion of berserk rage {unknown}
Comestibles
 c - a bread ration
 r - 6 fruits
 u - 2 meat rations
 E - 2 chunks of flesh


   Skills:
 + Level 4.3 Fighting
 * Level 9.3 Axes
 - Level 2.4 Armour
 - Level 2.1 Dodging
 + Level 0.3 Stealth


You had 6 spell levels left.
You didn't know any spells.

Dungeon Overview and Level Annotations

Branches:
Dungeon (4/15)
 Temple: D:4-7

Altars:
Gozag
Nemelex Xobeh
Okawaru

Annotations:
D:4 Blork the orc


Innate Abilities, Weirdness & Mutations

You reflexively headbutt those who attack you in melee.
You have a pair of horns on your head.


Message History

The gnoll hits you but does no damage. x2
You slash the gnoll!
The gnoll is almost dead.
You hit the orc. The gnoll barely misses you. The orc barely misses you.
Blork the orc hits you from afar with a halberd of protection.
The gnoll barely misses you.
The gnoll hits you from afar with a spear.
The gnoll closely misses you. The orc hits you but does no damage.
You hit the gnoll but do no damage.
The gnoll is almost dead.
You slash the orc!
You kill the orc!
Trog accepts your kill.
Blork the orc hits you from afar with a halberd of protection.
* * * LOW HITPOINT WARNING * * *
The gnoll barely misses you.
The gnoll hits you but does no damage. x2
The gnoll hits you from afar with a spear.
* * * LOW HITPOINT WARNING * * *
Blork the orc hits you from afar with a halberd of protection!
You die...

.# .# ####.##
#.....##
.#####......#
.......ogg..###
......)))......
#.@g......
.......<..>...#
.#####.#>...#.#
.......# ##.#.#.##
#.#.#.#
..#.#.######
#<#######.#......#
#.....<.......#


You could see Blork the orc and 3 gnolls.

Vanquished Creatures
  The ghost of Yoshimo the Carver, an amateur MiCK of Xom (D:4)
  An ogre (D:4)
  A scorpion (D:4)
  A bullfrog skeleton (D:3)
  A hound (D:4)
  A worker ant (D:4)
  A gnoll (D:4)
  An adder (D:3)
  An ooze (D:2)
  4 worms
  4 leopard geckos
  5 orcs (D:4)
  7 bats
  10 goblins
  7 hobgoblins
  2 jackals (D:3)
  6 kobolds
  5 quokkas
  2 frilled lizards
  5 rats
66 creatures vanquished.

Notes
Turn   | Place    | Note
-------+----------+-------------------------------------------
     0 | D:1      | Megalobster the Minotaur Berserker began the quest for the Orb.
     0 | D:1      | Reached XP level 1. HP: 19/19 MP: 0/0
   132 | D:1      | Reached skill level 4 in Axes
   135 | D:1      | Reached XP level 2. HP: 24/27 MP: 1/1
   880 | D:2      | Reached XP level 3. HP: 33/33 MP: 2/2
   998 | D:2      | Reached skill level 5 in Axes
  1087 | D:2      | Found an opulent altar of Gozag.
  1273 | D:2      | Reached ** piety under Trog
  1822 | D:3      | Reached XP level 4. HP: 28/40 MP: 3/3
  1982 | D:3      | Reached skill level 6 in Axes
  2020 | D:3      | Found a sparkling altar of Nemelex Xobeh.
  2438 | D:4      | Reached XP level 5. HP: 40/46 MP: 4/4
  2444 | D:4      | Noticed an ogre
  2450 | D:4      | Killed an ogre
  2450 | D:4      | Reached skill level 7 in Axes
  2465 | D:4      | Reached XP level 6. HP: 28/52 MP: 5/5
  2573 | D:4      | Noticed Yoshimo's ghost (amateur MiCK)
  2610 | D:4      | Killed Yoshimo's ghost
  2610 | D:4      | Reached skill level 9 in Axes
  2664 | D:4      | Found an iron altar of Okawaru.
  2672 | D:4      | Reached XP level 7. HP: 41/59 MP: 6/6
  2690 | D:4      | Noticed Blork the orc
  2694 | D:4      | Slain by Blork the orc

Skill      XL: |  1  2  3  4  5  6 |
---------------+-------------------+-----
Axes           | 4 5 6 7 9 |  9.3
Fighting       | 4 |  4.3
Armour         | |  2.4
Dodging        | |  2.1
Stealth        | |  0.3

Action                   |  1- 3 |  4- 6 |  7- 9 || total
-------------------------+-------+-------+-------++-------
Melee: Hand axe          |   100 |       |       ||   100
       Headbutt          |    15 |    10 |     1 ||    26
       War axe           |     6 |    60 |     4 ||    70
Invok: Berserk           |       |     2 |       ||     2
       Trog's Hand       |       |     1 |       ||     1
  Use: Scroll            |       |     4 |       ||     4
  Eat: Chunk             |     3 |     3 |       ||     6
       Bread ration      |       |     1 |       ||     1
Armor: Chain mail        |    52 |    31 |    10 ||    93
       Animal skin       |     1 |       |       ||     1
Dodge: Dodged            |    35 |    37 |     9 ||    81
